Match 41205563
Unlisted

Match 41205563
End
Construct Barracks
Selects Armored Battlegroup
Selects Assault Engineers
Assault Engineer Squad
Assault Engineer Squad
M1 Mortar Team
Riflemen Squad
Construct Medical Station
Selects M31 Recovery Vehicle
Mechanized Support Center
Riflemen Squad
Construct Motor Pool
Grenade Package
M1 Anti-tank Gun Team
Selects Strength in Steel
M1918 Browning Automatic Rifles
M24 Chaffee Light Tank
Riflemen Squad
Selects M8 Scott SPG
Riflemen Squad
Selects UNKNOWN (2160077)
Selects War Machine
M3 75 mm Gun Motor Carriage
Assault Engineer Squad
M1 Anti-tank Gun Team
MozG64
mikec_81
0
0

Comments sign in to comment!

No comments posted yet!